 Dungeon Crawl Stone Soup version 0.17-a0-2070-g2a5e0a8 (webtiles) character file.

3230 Maka the Bludgeoner (level 9, -2/89 HPs)
             Began as an Ogre Berserker on Oct 14, 2015.
             Was a Priest of Trog.
             Shot with an arrow by a centaur (5 damage)
             ... on level 8 of the Dungeon.
             The game lasted 00:14:08 (7085 turns).

Maka the Bludgeoner (Ogre Berserker)                Turns: 7085, Time: 00:14:09

Health: -2/89      AC:  6    Str: 24    XL:     9   Next: 98%
Magic:  9/9        EV: 11    Int:  6    God:    Trog [***...]
Gold:   516        SH:  0    Dex: 12    Spells: 0 memorised, 8 levels left

rFire  . . .     SeeInvis .     a - +3 giant spiked club (vamp)
rCold  + . .     Clarity  .     E - +2 robe {rC+}
rNeg   + . .     SustAt   .     (no shield)
rPois  .         Gourm    .     (helmet restricted)
rElec  .         Spirit   .     D - +0 cloak
rCorr  +         Warding  .     (gloves unavailable)
rMut   .         Stasis   .     (boots unavailable)
MR     .....                    j - amulet of resist corrosion
Stlth  +.........               w - ring of positive energy
                                C - ring of invisibility

@: not resistant to hostile enchantments, very unstealthy
A: unfitting armour, tough skin 1
a: Burn Spellbooks, Berserk, Trog's Hand, Renounce Religion, Evoke Invisibility


You were on level 8 of the Dungeon.
You worshipped Trog.
Trog was most pleased with you.
You were full.

You visited 2 branches of the dungeon, and saw 9 of its levels.
You also visited: Bailey.

You collected 516 gold pieces.

Inventory:

Hand Weapons
 a - a +3 vampiric giant spiked club (weapon)
 b - a +0 morningstar
Missiles
 d - 6 javelins (quivered)
Armour
 D - a +0 cloak (worn)
 E - a +2 robe of cold resistance (worn)
Jewellery
 j - an amulet of resist corrosion (around neck)
 w - a ring of positive energy (right hand)
 C - a ring of invisibility (left hand)
 G - an uncursed amulet of warding
Wands
 h - a wand of paralysis (13)
 n - a wand of fireball (7)
Scrolls
 e - 3 scrolls of remove curse
 i - 3 scrolls of fog
 o - 2 scrolls of random uselessness
 t - 5 scrolls of identify
 u - a scroll of teleportation
 y - a scroll of noise
Potions
 f - 3 potions of flight
 g - 3 potions of curing
 l - 2 potions of lignification
 m - 3 potions of heal wounds
 q - a potion of agility
 s - a potion of brilliance
 x - 2 potions of magic
 z - a potion of resistance
Books
 A - a book of Summonings

   Spells                             Type                      Level
   a - Recall                         Summoning/Translocation      3
   b - Aura of Abjuration             Summoning                    5
   c - Shadow Creatures               Summoning                    5
   d - Summon Demon                   Summoning                    5
   e - Summon Forest                  Summoning/Translocation      5
   f - Summon Mana Viper              Hexes/Summoning              5
   Trog disapproves of the use of such an item.
Comestibles
 c - 6 bread rations


   Skills:
 - Level 6.1 Fighting
 + Level 15.8 Maces & Flails
 - Level 4.2 Dodging


You had 8 spell levels left.
You didn't know any spells.

Dungeon Overview and Level Annotations

Branches:
Dungeon (8/15)             Temple (1/1) D:5
   Lair: D:8-11

Altars:
Ashenzari
Cheibriados
Dithmenos
Elyvilon
Fedhas
Gozag
Nemelex Xobeh
Okawaru
Qazlal
Ru
Sif Muna
Xom
Yredelemnul
The Shining One

Annotations:
D:7 aves's ghost, novice VSFi
D:8 Gastronok; Maurice


Innate Abilities, Weirdness & Mutations

You are too large for most types of armour.
You have tough skin (AC +1).


Message History

* * * LOW HITPOINT WARNING * * *
The arrow burns you.
* * * LOW HITPOINT WARNING * * *
You see here an arrow.
The centaur shoots an arrow.
The arrow hits you!
* * * LOW HITPOINT WARNING * * *
The arrow burns you.
* * * LOW HITPOINT WARNING * * *
You see here an arrow.
Drink which item? (? for menu, Esc to quit)
You feel much better.
The centaur shoots an arrow.
The arrow hits you but does no damage.
The centaur shoots an arrow.
The arrow hits you!
* * * LOW HITPOINT WARNING * * *
The arrow burns you.
* * * LOW HITPOINT WARNING * * *
The centaur shoots an arrow.
The arrow hits you!
* * * LOW HITPOINT WARNING * * *
The arrow burns you.
You die...

#..##..###'###..##
#..#....#...#....#
#..#....#...'....#
##..'....+...#....#
#...##+####..##..#####
#...##.>.##+###..##..##
+...'.................#
#...#................##
#...##..###..##.@##..#
##..##..###..##..##+##
#..##...'.....(.#
.....+...#....(..+
....##..##.(.##..# +##
....###+##...##..##..#
.........'.).........#
#+###...#......c....+
##..##..##...###'##..#


You could see a centaur.

Vanquished Creatures
  The ghost of Morbidden the Cleaver, a novice HOFi (D:5)
  Grinder (D:4)
  Prince Ribbit (D:6)
  A hungry ghost (D:7)
  Menkaure (D:6)
  The ghost of aves the Chopper, an amateur VSFi of Okawaru (D:4)
  2 sky beasts (D:6)
  2 ogres
  3 centaurs
  4 giant frogs
  2 scorpions
  5 wights (D:6)
  4 killer bees (D:7)
  2 orc priests
  4 crimson imps
  A giant frog zombie (D:6)
  2 iguanas (D:5)
  3 hounds
  2 jellies
  2 orc wizards
  2 giant frog skeletons
  A worker ant (D:3)
  2 hound skeletons (D:7)
  A worker ant zombie (D:6)
  10 adders
  An ooze (D:2)
  2 adder skeletons
  An adder zombie (D:6)
  3 worms
  14 orcs
  3 bats
  2 giant cockroaches
  5 hobgoblins
  6 jackals
  3 quokkas
  4 ball pythons
  3 giant geckos
  A giant gecko zombie (D:5)
  4 giant newts
  10 goblins
  12 kobolds
  A quokka skeleton (D:6)
  5 rats
140 creatures vanquished.

Notes
Turn   | Place    | Note
--------------------------------------------------------------
     0 | D:1      | Maka the Ogre Berserker began the quest for the Orb.
     0 | D:1      | Reached XP level 1. HP: 24/24 MP: 1/1
   112 | D:1      | Reached XP level 2. HP: 32/32 MP: 2/2
   185 | D:1      | Reached skill level 5 in Maces & Flails
   592 | D:2      | Found a basalt altar of Yredelemnul.
   611 | D:2      | Reached XP level 3. HP: 20/39 MP: 3/3
   780 | D:2      | Found an opulent altar of Gozag.
   822 | D:2      | Found a shattered altar of Ashenzari.
   829 | D:2      | Found a deep blue altar of Sif Muna.
   834 | D:2      | Found a sacrificial altar of Ru.
   895 | D:2      | Found an iron altar of Okawaru.
   937 | D:2      | Reached ** piety under Trog
   937 | D:2      | Reached skill level 6 in Maces & Flails
  1177 | D:2      | Reached XP level 4. HP: 27/48 MP: 4/4
  2017 | D:3      | Reached skill level 7 in Maces & Flails
  2017 | D:3      | Reached XP level 5. HP: 43/54 MP: 5/5
  2242 | D:3      | Reached skill level 8 in Maces & Flails
  2487 | D:4      | Noticed an ogre
  2498 | D:3      | Killed an ogre
  2498 | D:3      | Reached skill level 9 in Maces & Flails
  2498 | D:3      | Reached XP level 6. HP: 62/62 MP: 6/6
  2534 | D:4      | Noticed Grinder
  2550 | D:4      | Killed Grinder
  2550 | D:4      | Reached skill level 10 in Maces & Flails
  2550 | D:4      | Reached XP level 7. HP: 56/70 MP: 7/7
  2722 | D:4      | Noticed aves's ghost (amateur VSFi)
  2724 | D:4      | Killed aves's ghost
  2979 | D:5      | Entered Level 5 of the Dungeon
  3035 | D:5      | Reached *** piety under Trog
  3035 | D:5      | Reached skill level 11 in Maces & Flails
  3234 | D:5      | Noticed Morbidden's ghost (novice HOFi)
  3534 | D:5      | HP: 3/70 [Morbidden's ghost (15)]
  3863 | D:5      | Found a staircase to the Ecumenical Temple.
  3875 | Temple   | Entered the Ecumenical Temple
  3992 | D:5      | Reached XP level 8. HP: 46/78 MP: 8/8
  4170 | D:5      | Reached skill level 12 in Maces & Flails
  4177 | D:5      | Killed Morbidden's ghost
  4243 | D:5      | Reached skill level 13 in Maces & Flails
  4331 | D:5      | Found a sparkling altar of Nemelex Xobeh.
  4761 | D:6      | Reached skill level 5 in Fighting
  5257 | D:5      | Reached XP level 9. HP: 83/89 MP: 9/9
  5406 | D:6      | Noticed Menkaure
  5410 | D:6      | Killed Menkaure
  5583 | D:6      | Found a blossoming altar of Fedhas.
  5606 | D:6      | Noticed Prince Ribbit
  5615 | D:6      | Killed Prince Ribbit
  5615 | D:6      | Reached skill level 14 in Maces & Flails
  5918 | D:7      | Noticed aves's ghost (novice VSFi)
  6081 | D:7      | Reached skill level 15 in Maces & Flails
  6272 | D:7      | Found a flagged portal.
  6291 | Bailey   | Entered a bailey
  6492 | Bailey   | Noticed an orc knight
  6502 | Bailey   | Noticed P0WERM0DE's ghost (novice DsWz)
  7060 | D:8      | Noticed Maurice
  7072 | D:8      | Noticed Gastronok
  7085 | D:8      | HP: 3/89 [centaur/arrow (9)]
  7085 | D:8      | Shot with an arrow by a centaur

Vault maps used:
D:1:      evilmike_arrival_run_for_it, st_stairs_4
D:2:      minitemple, old_standard_altar, grunt_gozag_breadcrumbs
D:4:      uniq_grinder
D:5:      bloody_trog, lemuel_round_altar, minmay_temple_entry_large_hall,
          first_bread, st_stairs_9, minmay_misc_feat_more_columns,
          kennysheep_generic_room_7
D:6:      grunt_decor_one_mirror, fedhas_altar_2, uniq_menkaure,
          uniq_prince_ribbit1
D:7:      enter_bailey_3, nrook_mini_backslash
D:8:      makhleb_grotto_becter, grunt_temple_overflow_open, uniq_gastronok,
          uniq_maurice
Temple:   nicolae_temple_no_exploring_needed
Bailey:   bailey_axe_4, bailey

Action                   |  1- 3 |  4- 6 |  7- 9 || total
-------------------------+-------+-------+-------++-------
Melee: Mace              |   113 |   103 |       ||   216
       Giant spiked club |       |     5 |   256 ||   261
       Morningstar       |       |       |    17 ||    17
Invok: Berserk           |       |     2 |     1 ||     3
       Trog's Hand       |       |       |     3 ||     3
  Use: Scroll            |       |       |    21 ||    21
       Potion            |       |       |     2 ||     2
  Eat: Chunk             |     1 |     6 |     9 ||    16
       Fruit             |       |       |     7 ||     7
       Meat ration       |       |       |     1 ||     1
       Bread ration      |       |       |     1 ||     1
